cohdb
Replays
Latest Replays
All Replays
Popular Replays
Top Player Replays
Match Explorer
How It Works
Community
CoH3 Stats
Reddit
Sign in to upload your games and track your stats! →
Sign in with Steam
Match 42239925
Unlisted
Match 42239925
Overview
Messages
Build Orders
End
Construct Barracks
Riflemen Squad
Selects Armored Battlegroup
Selects Veteran Crews
Riflemen Squad
Riflemen Squad
Grenade Package
Riflemen Squad
Mechanized Support Center
Construct Medical Station
Construct Motor Pool
Selects Field Repairs
Selects Fast Deploy
M1 Mortar Team
M8 Greyhound Armored Car
Engineer Squad
M1 Anti-tank Gun Team
M1918 Browning Automatic Rifles
Salvage Crew
Selects M8 Scott SPG
M8 Scott SPG
M24 Chaffee Light Tank
Riflemen Squad
Selects M4A3E8 Sherman Combat Group
M4A3E8 Sherman Combat Group
Selects War Machine
Kimin
Guderian ITA
0
0
Comments
sign in to comment!
No comments posted yet!